Map: Cactus Valley LE (Void)

Players

CripSeiL - Winner!

  • Race: Protoss Protoss
  • League: Grandmaster
  • Spawn Location: 7:00

Railgan

  • Race: Terran Terran
  • League: Grandmaster
  • Spawn Location: 11:00

VOD

Have the link to the VOD?

Description

Time

  • Played on: March 16, 2017, 3:46 p.m.
  • Length: 12:10
Show
View Real Time Build Order
Export as new Build Order

CripSeiL Protoss - Winner!

Build Orders: 1 Gate Expand, Oracle Opening 

Get SALT Encoding   

  12  0:00  Probe (Chrono Boost)  
  13  0:11  Probe (Chrono Boost)  
  14  0:17  Pylon  
  14  0:22  Probe (Chrono Boost)  
  16  0:35  Probe (Chrono Boost)  
  16  0:38  Gateway  
  16  0:46  Probe (Chrono Boost)  
  16  0:47  Assimilator  
  17  0:56  Probe (Chrono Boost)  
  18  1:08  Probe (Chrono Boost)  
  19  1:20  Nexus  
  19  1:32  Cybernetics Core  
  19  1:36  Assimilator  
  20  1:43  Assimilator  
  20  1:46  Probe (Chrono Boost)  
  20  1:57  Probe (Chrono Boost)  
  21  2:01  Pylon  
  21  2:09  Mothership Core (Chrono Boost)  
  23  2:17  Adept  
  23  2:20  Warp Gate  
  25  2:29  Probe (Chrono Boost)  
  26  2:32  Probe (Chrono Boost)  
  27  2:40  Adept  
  27  2:41  Probe (Chrono Boost)  
  27  2:43  Probe (Chrono Boost)  
  31  2:53  Probe (Chrono Boost)  
  31  2:54  Stargate  
  32  3:01  Probe (Chrono Boost)  
  32  3:03  Assimilator  
  34  3:05  Probe (Chrono Boost)  
  34  3:14  Pylon  
  34  3:17  Pylon  
  34  3:27  Adept  
  34  3:29  Probe (Chrono Boost)  
  37  3:40  Oracle  
  38  3:43  Probe (Chrono Boost)  
  38  3:45  Pylon  
  39  4:12  Probe (Chrono Boost)  
  39  4:13  Probe (Chrono Boost)  
  39  4:14  Phoenix  
  39  4:15  Gateway  
  39  4:16  Gateway  
  39  4:18  Twilight Council  
  39  4:23  Probe (Chrono Boost)  
  42  4:28  Probe (Chrono Boost)  
  42  4:31  Adept  
  45  4:35  Pylon, Probe (Chrono Boost)  
  45  4:38  Gateway  
  46  4:41  Phoenix  
  48  4:49  Probe (Chrono Boost)  
  49  5:00  Mothership Core (Chrono Boost)  
  49  5:03  Phoenix  
  46  5:11  Adept  
  46  5:12  Probe (Chrono Boost)  
  49  5:14  Adept x2, Resonating Glaives  
  51  5:26  Probe x2 (Chrono Boost)  
  53  5:28  Phoenix  
  53  5:32  Pylon  
  55  5:38  Probe x2 (Chrono Boost)  
  55  5:39  Forge  
  58  5:50  Probe (Chrono Boost)  
  58  5:52  Adept  
  58  5:53  Adept, Phoenix  
  64  6:00  Pylon  
  64  6:07  Adept x2  
  68  6:14  Robotics Facility  
  68  6:18  Phoenix  
  70  6:27  Pylon  
  70  6:35  Pylon, Nexus  
  68  6:40  Adept x2  
  68  6:43  Phoenix  
  74  6:56  Templar Archives  
  75  7:02  Probe (Chrono Boost)  
  69  7:15  Probe (Chrono Boost)  
  69  7:16  Probe (Chrono Boost)  
  69  7:17  Assimilator, Phoenix  
  69  7:20  Pylon  
  69  7:22  Pylon  
  71  7:41  Probe (Chrono Boost)  
  66  7:45  Immortal  
  66  7:46  Fleet Beacon  
  66  7:48  Probe (Chrono Boost)  
  71  7:51  Probe (Chrono Boost)  
  71  7:52  Charge  
  71  7:53  Probe (Chrono Boost)  
  71  7:54  Photon Cannon  
  71  7:56  Photon Cannon  
  69  7:59  Probe (Chrono Boost)  
  69  8:03  Assimilator  
  69  8:04  Assimilator  
  70  8:14  Zealot x4  
  78  8:21  Immortal  
  82  8:33  Photon Cannon  
  82  8:36  Photon Cannon  
  82  8:55  Immortal  
  82  8:56  Tempest  
  82  9:01  Probe (Chrono Boost)  
  82  9:02  Probe x2 (Chrono Boost)  
  95  9:10  Pylon  
  95  9:11  Pylon, Protoss Shields Level 1, Probe (Chrono Boost)  
  95  9:12  Protoss Air Weapons Level 1  
  95  9:14  Probe (Chrono Boost)  
  97  9:19  Pylon  
  97  9:31  Observer  
  97  9:33  Tempest  
  104  9:47  High Templar  
  104  9:48  High Templar  
  104  9:49  Zealot  
  104  9:50  Zealot  
  112  9:52  Archon  
  112  9:56  Observer  
  113  10:08  Stargate  
  113  10:10  Stargate  
  119  10:23  Nexus  
  115  10:34  Probe x2 (Chrono Boost)  
  111  10:40  Probe (Chrono Boost)  
  112  10:44  Tempest  
  112  10:45  Observer  
  113  10:53  Probe (Chrono Boost)  
  113  10:55  Probe x2 (Chrono Boost)  
  122  10:57  Pylon  
  122  11:00  Zealot x3, Pylon  
  122  11:01  Zealot  
  128  11:04  Immortal  
  114  11:25  Zealot x4  
  106  11:56  Photon Cannon  
  106  11:59  Photon Cannon  
  106  12:02  Photon Cannon  
Show
View Real Time Build Order
Export as new Build Order

Railgan Terran 

Build Orders: Mech 

Get SALT Encoding   

  12  0:01  SCV  
  13  0:13  SCV  
  14  0:19  Supply Depot  
  14  0:25  SCV  
  15  0:41  SCV  
  15  0:42  Barracks  
  16  0:46  Refinery  
  16  0:53  SCV  
  17  1:05  SCV  
  18  1:17  SCV  
  19  1:31  Marine, Orbital Command  
  20  1:51  Command Center  
  20  1:54  Marine  
  20  2:00  SCV  
  22  2:02  Supply Depot  
  22  2:12  Barracks Reactor, SCV  
  23  2:19  Factory  
  23  2:24  SCV  
  24  2:36  SCV  
  25  2:37  Supply Depot  
  25  2:48  Marine x2, SCV  
  28  3:01  SCV  
  28  3:04  Orbital Command  
  29  3:06  Cyclone  
  29  3:11  Marine x2  
  29  3:12  Refinery  
  34  3:13  SCV  
  35  3:22  Orbital Command  
  35  3:27  SCV  
  35  3:41  Cyclone  
  35  3:47  Marine  
  35  3:48  Marine  
  40  3:58  Supply Depot  
  40  3:59  Supply Depot  
  39  4:05  SCV  
  38  4:15  Orbital Command  
  38  4:20  Cyclone, SCV  
  38  4:22  Engineering Bay, Marine x2  
  44  4:26  Starport  
  44  4:32  SCV  
  45  4:40  Marine x2  
  45  4:41  SCV  
  45  4:44  SCV  
  49  4:47  Factory  
  46  4:54  SCV  
  46  4:56  SCV  
  46  4:58  Marine x2  
  47  5:06  SCV  
  47  5:08  SCV  
  47  5:13  Command Center  
  48  5:18  SCV  
  48  5:20  SCV  
  47  5:29  Starport Reactor  
  47  5:30  SCV  
  47  5:32  Factory Reactor, Factory Tech Lab, SCV  
  49  5:35  Refinery  
  49  5:37  Refinery  
  49  5:38  Missile Turret x2  
  49  5:41  Armory  
  49  5:42  SCV  
  50  5:44  SCV  
  50  5:51  Marine x2  
  50  5:54  SCV  
  50  5:57  SCV  
  54  6:04  Factory  
  54  6:15  Supply Depot  
  54  6:16  Hellion x2, SCV x2  
  54  6:17  Supply Depot  
  60  6:25  Viking x2  
  64  6:28  SCV x2  
  65  6:36  Thor  
  71  6:40  SCV x2  
  71  6:42  Orbital Command  
  73  6:50  Factory Tech Lab  
  73  6:52  Factory  
  73  6:53  SCV x2  
  75  6:56  Terran Vehicle Weapons Level 1  
  75  7:06  Hellion  
  68  7:13  Cyclone  
  68  7:15  Siege Tank  
  58  7:19  Siege Tank  
  58  7:21  SCV  
  56  7:33  Hellion  
  56  7:35  SCV x2  
  55  7:37  SCV  
  50  7:47  Siege Tank, SCV x2  
  50  7:49  SCV  
  54  7:59  SCV x2  
  54  8:01  SCV  
  57  8:11  Siege Tank, SCV x2  
  62  8:13  Hellion x2, SCV  
  62  8:19  Widow Mine x2  
  69  8:23  SCV  
  69  8:24  SCV  
  69  8:25  SCV  
  74  8:29  Thor  
  80  8:35  SCV  
  80  8:39  Hellion x2  
  80  8:40  SCV  
  86  8:45  Supply Depot  
  86  8:46  Supply Depot  
  86  8:47  Hellion  
  90  8:48  Hellion  
  90  8:51  Widow Mine  
  92  9:03  Orbital Command  
  92  9:08  Thor  
  92  9:09  SCV x2  
  98  9:15  Terran Vehicle Weapons Level 2  
  98  9:16  Hellion  
  100  9:18  Infernal Pre-Igniter  
  100  9:24  Refinery  
  100  9:25  Widow Mine  
  100  9:26  Missile Turret  
  100  9:27  Hellion  
  100  9:29  Refinery  
  103  9:39  Thor  
  103  9:43  SCV x3  
  107  9:55  SCV  
  107  9:56  SCV  
  109  10:05  Supply Depot  
  109  10:06  Supply Depot  
  109  10:13  SCV x3  
  112  10:20  Thor  
  117  10:26  Hellion  
  117  10:27  SCV  
  117  10:32  SCV x2  
  117  10:36  Hellion  
  117  10:48  Supply Depot  
  117  10:49  SCV x2, Thor  
  128  10:50  Hellion, SCV  
  128  11:01  SCV x2  
  128  11:02  SCV, Thor  
  128  11:03  Hellion  
  139  11:14  SCV x3  
  124  11:22  Hellion  
  95  11:45  Hellion  
  95  11:46  Hellion x2  
  103  11:51  Factory, SCV  
Tags
 
Add a new tag
Caveats
  • Supply blocks, unpowered buildings, or Contaminate may cause inaccurate times.
  • Supply counts are checked every 10 seconds.